Map: Moondance

Players

YouTuber - Winner!

  • Race: Terran Terran
  • League: Diamond
  • Spawn Location: 12:00

Sera

  • Race: Terran Terran
  • League: Diamond
  • Spawn Location: 6:00

VOD

Have the link to the VOD?

Description

Time

  • Played on: Nov. 27, 2022, 1:04 a.m.
  • Length: 4:11
Show
View Real Time Build Order
Export as new Build Order

YouTuber Terran - Winner!

Build Orders:  

Get SALT Encoding   

  12  0:02  SCV  
  14  0:14  SCV  
  14  0:20  Supply Depot  
  14  0:26  SCV  
  15  0:32  Refinery  
  15  0:42  SCV  
  16  0:54  SCV  
  16  0:57  Barracks  
  17  1:07  SCV, Refinery  
  18  1:19  SCV  
  18  1:22  Barracks  
  18  1:25  Barracks  
  19  1:31  SCV  
  20  1:44  Reaper  
  22  1:49  Orbital Command  
  21  1:58  Supply Depot  
  21  2:16  Reaper x2  
  21  2:19  Reaper  
  24  2:26  Supply Depot  
  24  2:30  SCV  
  25  2:42  SCV  
  25  3:03  Reaper x3  
  28  3:17  Bunker  
  28  3:25  Bunker  
  28  3:26  Supply Depot  
  28  3:35  Reaper x3  
Show
View Real Time Build Order
Export as new Build Order

Sera Terran 

Build Orders:  

Get SALT Encoding   

  12  0:01  SCV  
  13  0:13  SCV  
  14  0:20  Supply Depot  
  14  0:26  SCV  
  15  0:42  SCV, Barracks  
  16  0:52  Refinery  
  16  0:54  SCV  
  17  1:06  SCV  
  17  1:08  Barracks  
  18  1:20  SCV  
  18  1:24  Refinery  
  19  1:26  Supply Depot  
  19  1:33  SCV  
  19  1:39  Reaper  
  21  1:46  SCV  
  22  2:01  Reaper  
  22  2:02  SCV  
  24  2:14  SCV  
  25  2:18  Reaper  
  25  2:21  Factory  
  26  2:26  SCV  
  27  2:40  Reaper, Orbital Command  
  28  2:46  Supply Depot  
  28  2:52  Reaper  
Tags
 
Matchup
TvT
Race
Terran
Spawn Locations
Cross Positions
Add a new tag
Caveats
  • Supply blocks, unpowered buildings, or Contaminate may cause inaccurate times.
  • Supply counts are checked every 10 seconds.